 Dungeon Crawl Stone Soup version 0.19-a0-904-ga29959e (webtiles) character file.

22267 MrRokkomies the Bludgeoner (level 12, -3/131 HPs)
             Began as an Ogre Hunter on July 5, 2016.
             Was an Elder of Dithmenos.
             Slain by an entropy weaver (12 damage)
             ... on level 4 of the Lair of Beasts.
             The game lasted 00:46:21 (17709 turns).

MrRokkomies the Bludgeoner (Ogre Hunter)           Turns: 17709, Time: 00:46:24

Health: -3/131     AC:  5    Str: 23    XL:     12   Next: 98%
Magic:  0/12       EV:  8    Int: 17    God:    Dithmenos [****..]
Gold:   781        SH:  0    Dex: 13    Spells: 2 memorised, 7 levels left

rFire  . . .     SeeInvis +     a - +4 giant spiked club
rCold  + . .     Gourm    .     p - +5 ice dragon armour of Weirdness {rF- rC++ Int+6}
rNeg   + + .     Faith    .     (shield currently unavailable)
rPois  .         Spirit   +     (helmet restricted)
rElec  +         Dismiss  .     g - +1 cloak
rCorr  .         Reflect  .     (gloves unavailable)
SustAt .         Harm     .     (boots unavailable)
MR     +....                    E - amulet of Ephemeral Luck {Spirit +Fly rElec rC- rN+ Str+3}
Stlth  ..........               y - ring of protection from fire
                                r - ring of positive energy

@: about to teleport, corroded, wreathed by umbra, somewhat resistant to hostile
enchantments, extremely unstealthy
A: unfitting armour, see invisible, mutation resistance 1, tough skin 1
a: Shadow Step, Renounce Religion, Evoke Flight


You were on level 4 of the Lair of Beasts.
You worshipped Dithmenos.
Dithmenos was greatly pleased with you.
You were very hungry.

You visited 3 branches of the dungeon, and saw 15 of its levels.
You also visited: Labyrinth and Sewer.

You collected 781 gold pieces.

Inventory:

Hand Weapons
 a - a +4 giant spiked club (weapon)
Missiles
 l - 4 large rocks
 v - 12 javelins (quivered)
 z - 5 javelins of penetration
 A - a throwing net
Armour
 g - a +1 cloak (worn)
 p - the +5 ice dragon armour of Weirdness (worn) {rF- rC++ Int+6}
   (You took it off a minotaur in a labyrinth)

   It affects your intelligence (+6).
   It makes you vulnerable to fire.
   It greatly protects you from cold.
 u - a +1 shadow dragon armour
Jewellery
 r - a ring of positive energy (left hand)
 y - a ring of protection from fire (right hand)
 E - the amulet of Ephemeral Luck (around neck) {Spirit +Fly rElec rC- rN+ Str+3}
   (You found it on level 8 of the Dungeon)

   [amulet of guardian spirit]

   It causes incoming damage to be split between your health and magic.
   It affects your strength (+3).
   It makes you vulnerable to cold.
   It insulates you from electricity.
   It protects you from negative energy.
   It lets you fly.
Wands
 b - a wand of digging (4/24)
 j - a wand of acid (3/15)
 m - a wand of hasting (5/9)
 s - a wand of paralysis (6/24)
Scrolls
 e - a scroll of enchant armour
 i - 8 scrolls of remove curse
 q - 2 scrolls of recharging
 t - 3 scrolls of teleportation
Potions
 c - a potion of invisibility
 d - 2 potions of brilliance
 h - 5 potions of curing
 n - a potion of ambrosia
 x - a potion of magic
 C - a potion of cancellation {unknown}
 G - a potion of agility
 H - a potion of mutation
 L - 2 potions of flight
Books
 B - a book of Air

   Spells                             Type                      Level
   a - Shock                          Conjuration/Air              1
   b - Swiftness                      Charms/Air                   2
   c - Repel Missiles                 Charms/Air                   2
   d - Static Discharge               Conjuration/Air              3
   e - Lightning Bolt                 Conjuration/Air              5
Comestibles
 f - 17 bread rations
 k - 2 slices of pizza
 o - 8 meat rations
 w - 2 beef jerkies
 J - 13 fruits


   Skills:
 - Level 11.7 Fighting
 * Level 17.9 Maces & Flails
 * Level 7.7 Throwing
 - Level 9.0 Armour
 - Level 1.7 Dodging
 - Level 0.7 Stealth


You had 7 spell levels left.
You knew the following spells:

 Your Spells              Type           Power        Failure   Level  Hunger
a - Swiftness             Chrm/Air       #.......     86%         2    ###....
b - Repel Missiles        Chrm/Air       #.....       86%         2    ###....


Dungeon Overview and Level Annotations

Branches:
Dungeon (10/15)            Temple (1/1) D:6            Lair (4/6) D:9
 Shoals (0/4) Lair:2
  Snake: Lair:2-4    Spider: Lair:2-4       Orc: D:9-12

Altars:
Ashenzari
Cheibriados
Dithmenos
Hepliaklqana
Pakellas
Qazlal
Ru
Sif Muna
Trog
Uskayaw
Xom
Yredelemnul
Zin

Shops:
D:7 %

Annotations:
Lair:2 exclusion: oklob plant, Harold


Innate Abilities, Weirdness & Mutations

You are too large for most types of armour.
You have tough skin. (AC +1)
You have supernaturally acute eyesight. (SInv)
You are somewhat resistant to further mutation.


Message History

The entropy weaver is lightly wounded.
The bolt of acid hits the sheep.
The acid corrodes the sheep!
You kill the sheep!
Dithmenos accepts your kill.
This wand has 3 charges left.
The entropy weaver hits you!
* * * LOW HITPOINT WARNING * * *
The entropy weaver hits you!
* * * LOW HITPOINT WARNING * * *
The entropy weaver hits you but does no damage.
The entropy weaver hits you.
* * * LOW HITPOINT WARNING * * *
Unknown command.
You feel much better.
The entropy weaver gestures wildly while chanting.
The entropic weave corrodes you! The entropy weaver hits you!
* * * LOW HITPOINT WARNING * * *
The entropy weaver hits you.
* * * LOW HITPOINT WARNING * * *
The entropy weaver barely misses you. The entropy weaver hits you!
You die...

#..............'......
##..........##.#......
##.P.P####.########..
###..# ### ### #..##
#P..# #P..# ##.## #P@#
### ##a# ##.P.###a#
.......aa####
P...##.aYa..# .
#...a...# #.####a##.#
## .#. .# aa .. #


You could see 2 entropy weavers, 4 soldier ants, a sheep and 2 worker ants.

Vanquished Creatures
  A minotaur (Lab)
  Snorg (Lair:3)
  A hydra (Lair:4)
  The ghost of vogonpoet the Geomancer, a novice DgEE (D:9)
  A queen ant (Lair:4)
  The ghost of Vergil the Geomancer, a journeyman DsEE of Vehumet (Lair:1)
  2 death yaks (Lair:3)
  Urug (Lair:2)
  2 black mambas
  A siren (Lair:2)
  A torpor snail (Lair:3)
  4 spiny frogs
  A rime drake (Lair:3)
  A komodo dragon (Lair:3)
  A two-headed ogre (D:8)
  Prince Ribbit (D:6)
  Grinder (D:3)
  4 blink frogs (Lair:2)
  Sigmund (D:2)
  A spriggan (D:7)
  22 yaks
  Grum (D:8)
  2 basilisks
  A hippogriff (D:7)
  2 soldier ants (Lair:4)
  7 water moccasins
  9 porcupines
  2 ice beasts
  An eye of draining (D:8)
  2 orc warriors
  A black bear (D:8)
  13 wolves
  2 ogres
  4 crocodiles
  7 centaurs
  A big kobold (D:6)
  16 giant frogs
  A scorpion (D:7)
  A wyvern skeleton (D:6)
  6 killer bees
  4 wights (D:8)
  2 electric eels
  A howler monkey (D:5)
  4 crimson imps
  7 hounds
  2 giant frog zombies
  4 jellies
  A centaur skeleton (D:6)
  3 orc priests
  Crazy Yiuf (D:2)
  9 iguanas
  Ijyb (D:3)
  Terence (D:2)
  8 orc wizards
  11 worker ants
  A killer bee zombie (D:8)
  7 sheep
  A hound skeleton (D:8)
  Robin (D:3)
  11 gnolls
  8 adders
  5 river rats (Lair:1)
  A shadow imp (D:7)
  An ooze (D:6)
  2 worms
  A dart slug (D:2)
  7 giant geckos
  38 orcs
  A ball python (D:2)
  5 giant cockroaches
  33 goblins
  11 hobgoblins
  13 jackals
  2 quokkas
  14 bats
  4 giant newts
  22 kobolds
  9 rats
  A fungus (D:2)
  A plant (D:6)
388 creatures vanquished.

Vanquished Creatures (others)
  2 fungi (Lair:2)
  3 plants
5 creatures vanquished.

Grand Total: 393 creatures vanquished

Notes
Turn   | Place    | Note
-------+----------+-------------------------------------------
     0 | D:1      | MrRokkomies the Ogre Hunter began the quest for the Orb.
     0 | D:1      | Reached XP level 1. HP: 22/22 MP: 1/1
   225 | D:1      | You fall through a shaft!
   241 | D:2      | Reached XP level 2. HP: 31/31 MP: 2/2
   522 | D:2      | Noticed Terence
   529 | D:2      | Reached XP level 3. HP: 30/39 MP: 3/3
   549 | D:2      | Killed Terence
   571 | D:2      | Noticed Sigmund
   827 | D:2      | Killed Sigmund
   827 | D:2      | Reached skill level 3 in Maces & Flails
   827 | D:2      | Reached skill level 5 in Throwing
   827 | D:2      | Reached XP level 4. HP: 22/48 MP: 4/4
   827 | D:2      | Reached XP level 5. HP: 25/54 MP: 5/5
  1190 | D:1      | Reached XP level 6. HP: 27/62 MP: 6/6
  1204 | D:1      | Reached skill level 4 in Maces & Flails
  2962 | D:2      | Found a runed door.
  2966 | D:2      | Noticed Crazy Yiuf
  2968 | D:2      | Killed Crazy Yiuf
  3057 | D:3      | Found a deep blue altar of Sif Muna.
  3100 | D:3      | Noticed Ijyb
  3111 | D:3      | Killed Ijyb
  3111 | D:3      | Reached skill level 5 in Maces & Flails
  3112 | D:3      | Noticed Robin
  3150 | D:3      | Killed Robin
  3420 | D:3      | Noticed Grinder
  3430 | D:3      | Reached XP level 7. HP: 47/70 MP: 7/7
  3438 | D:3      | Killed Grinder
  3438 | D:3      | Reached skill level 6 in Maces & Flails
  4070 | D:3      | Found a bloodstained altar of Trog.
  4361 | D:4      | HP: 3/70 [poisoned by a worker ant]
  4366 | D:4      | HP: 2/70 [poisoned by a worker ant]
  4374 | D:4      | HP: 2/70 [poisoned by a worker ant]
  5048 | D:4      | Reached skill level 7 in Maces & Flails
  5070 | D:4      | Reached XP level 8. HP: 62/79 MP: 8/8
  5848 | D:5      | Entered Level 5 of the Dungeon
  5906 | D:5      | Reached skill level 5 in Fighting
  6168 | D:5      | Found a glowing drain.
  6186 | Sewer    | Entered a sewer
  6234 | Sewer    | Reached skill level 8 in Maces & Flails
  7289 | D:6      | Found a snail-covered altar of Cheibriados.
  7290 | D:6      | Found a basalt altar of Yredelemnul.
  7307 | D:6      | Reached skill level 9 in Maces & Flails
  7653 | D:6      | Reached XP level 9. HP: 75/94 MP: 9/9
  7843 | D:6      | Reached skill level 10 in Maces & Flails
  8232 | D:6      | Noticed Prince Ribbit
  8253 | D:6      | Killed Prince Ribbit
  8601 | D:6      | Found a staircase to the Ecumenical Temple.
  8610 | Temple   | Entered the Ecumenical Temple
  8628 | Temple   | Became a worshipper of Dithmenos the Shadowed
  9827 | D:7      | Reached skill level 11 in Maces & Flails
  9827 | D:7      | Reached skill level 1 in Armour
  9970 | D:7      | Reached * piety under Dithmenos
 10214 | D:7      | Found Poebav's Food Boutique.
 10426 | D:7      | Reached XP level 10. HP: 89/107 MP: 10/10
 10458 | D:7      | Reached skill level 12 in Maces & Flails
 10660 | D:7      | Found an oddly glowing altar of Pakellas.
 11150 | D:8      | Noticed Grum
 11420 | D:8      | Got a scorched amethyst amulet
 11421 | D:8      | Identified the amulet "Gimmeimefe" {Dismiss Int+3} (You found it on level 8 of the Dungeon)
 11471 | D:8      | Got a slimy bronze amulet
 11473 | D:8      | Identified the amulet of Ephemeral Luck {Spirit +Fly rElec rC- rN+ Str+3} (You found it on level 8 of the Dungeon)
 11681 | D:8      | Killed Grum
 11725 | D:8      | Reached skill level 13 in Maces & Flails
 11965 | D:8      | Reached skill level 5 in Armour
 11971 | D:8      | Reached ** piety under Dithmenos
 12331 | D:9      | Noticed vogonpoet's ghost (novice DgEE)
 12345 | D:9      | Killed vogonpoet's ghost
 12426 | D:9      | Found a stormy altar of Qazlal.
 12498 | D:9      | Found a staircase to the Lair.
 12935 | D:10     | Entered Level 10 of the Dungeon
 12962 | Lair:1   | Entered Level 1 of the Lair of Beasts
 13026 | Lair:1   | Reached skill level 14 in Maces & Flails
 13026 | Lair:1   | Reached XP level 11. HP: 66/115 MP: 6/11
 13112 | Lair:1   | Found a labyrinth entrance.
 13145 | Lab      | Entered a labyrinth
 13493 | Lab      | Noticed a minotaur
 13509 | Lab      | Killed a minotaur
 13512 | Lab      | Got a slimy ice dragon armour
 13523 | Lab      | Identified the +5 ice dragon armour of Weirdness {rF- rC++ Int+6} (You took it off a minotaur in a labyrinth)
 13990 | Lair:1   | Noticed Vergil's ghost (journeyman DsEE)
 14005 | Lair:1   | Killed Vergil's ghost
 14190 | Lair:1   | Reached skill level 15 in Maces & Flails
 14521 | Lair:1   | Reached *** piety under Dithmenos
 15061 | Lair:2   | Noticed Harold
 15214 | Lair:2   | Found a staircase to the Shoals.
 15483 | Lair:2   | Reached skill level 16 in Maces & Flails
 15483 | Lair:2   | Reached XP level 12. HP: 70/124 MP: 8/12
 15927 | Lair:2   | Noticed Urug
 15950 | Lair:2   | Killed Urug
 16409 | Lair:3   | Noticed a death yak
 16423 | Lair:3   | Noticed a death yak
 16427 | Lair:3   | Killed a death yak
 16427 | Lair:3   | Reached **** piety under Dithmenos
 16434 | Lair:3   | Killed a death yak
 16434 | Lair:3   | Reached skill level 10 in Fighting
 16438 | Lair:3   | Reached skill level 17 in Maces & Flails
 16872 | Lair:3   | Gained mutation: You are somewhat resistant to further mutation. [potion of beneficial mutation]
 16873 | Lair:3   | Gained mutation: You have supernaturally acute eyesight. (SInv) [potion of beneficial mutation]
 16964 | Lair:3   | Noticed Snorg
 16970 | Lair:3   | Killed Snorg
 17098 | Lair:3   | Identified a scroll of acquirement
 17313 | Lair:4   | Learned a level 2 spell: Swiftness
 17316 | Lair:4   | Learned a level 2 spell: Repel Missiles
 17607 | Lair:4   | Noticed a six-headed hydra
 17614 | Lair:4   | Killed a six-headed hydra
 17681 | Lair:4   | Noticed a queen ant
 17690 | Lair:4   | Noticed an entropy weaver
 17690 | Lair:4   | Noticed an entropy weaver
 17692 | Lair:4   | Killed a queen ant
 17709 | Lair:4   | Slain by an entropy weaver

Vault maps used:
D:1:      minmay_arrival_jagged, minmay_misc_feat_columns
D:2:      uniq_crazy_yiuf_cottage, uniq_terence, uniq_sigmund
D:3:      led_sif_pool, lightli_temple_of_fire, uniq_grinder, uniq_iyjb,
          uniq_robin
D:5:      first_bread, portal_sewer_entry_d, water_maze_lemuel
D:6:      grunt_temple_overflow_open, lexackson_kobold_supper,
          uniq_prince_ribbit1
D:7:      overflow_temple_1_default, serial_shops, nicolae_shop_trees,
          grunt_ministairs_9, the_bakery
D:8:      corexii_shantytown, uniq_grum
D:9:      nicolae_overflow_crystal_walls, lair_0_dummy
D:10:     minmay_orc_entry_guard_dogs
Temple:   eino_temple_scatter_basement
Lair:1:   lab_entry_generic, infiniplex_staircase_pool, grunt_megastairs_1
Lair:2:   minmay_lair_oklob_chamber, minmay_shoals_entry_lonely_mermaid,
          nicolae_volcano_entry_lava_flow, beast_lair_carwin_2, uniq_urug,
          uniq_harold
Lair:3:   uniq_snorg
Lair:4:   spider_nest_entry_funnel_web, minmay_another_anthill,
          lemuel_fruit_fields, uniq_rupert
Lab:      labyrinth_mini_lab, nicolae_lab_statue, nicolae_lab_lava,
          nicolae_lab_diamond, labyrinth_skeletal_remains, nicolae_lab_do_over,
          nicolae_lab_swirl, lab_statue, labyrinth_lava_lair, lab_block,
          nicolae_lab_flowing_pool
Sewer:    sewer_big_baddie

Skill      XL: |  1  2  3  4  5  6  7  8  9 10 11 12 |
---------------+-------------------------------------+-----
Fighting       | 3 4 7 9 11 | 11.7
Maces & Flails | 3 5 7 9 11 14 16 17 | 17.9
Throwing       | 5 6 7 |  7.7
Armour         | 2 6 8 9 |  9.0
Dodging        | |  1.7
Stealth        | |  0.7

Action                   |  1- 3 |  4- 6 |  7- 9 | 10-12 || total
-------------------------+-------+-------+-------+-------++-------
Melee: Short sword       |    87 |       |       |       ||    87
       Flail             |     8 |   210 |   466 |       ||   684
       Giant club        |       |       |    10 |    62 ||    72
       Giant spiked club |       |       |       |   517 ||   517
Throw: Large rock        |    10 |     3 |    25 |     1 ||    39
       Throwing net      |     3 |       |     2 |     5 ||    10
       Stone             |     1 |     5 |    70 |    13 ||    89
       Javelin           |       |       |     2 |    22 ||    24
Evoke: Wand              |       |       |     5 |     6 ||    11
  Use: Potion            |     3 |       |     7 |     8 ||    18
       Scroll            |       |     6 |    13 |    19 ||    38
 Stab: Held in net/web   |     1 |       |       |     1 ||     2
       Sleeping          |       |     3 |       |    13 ||    16
       Distracted        |       |       |       |     1 ||     1
  Eat: Chunk             |       |     4 |    19 |    18 ||    41
       Meat ration       |       |     1 |     1 |       ||     2
       Royal jelly       |       |       |     1 |       ||     1
       Pizza             |       |       |       |     1 ||     1
Armor: Robe              |    41 |    78 |   141 |       ||   260
       Shadow dragon arm |       |       |    59 |   129 ||   188
       Skin              |       |       |    20 |    79 ||    99
       Ice dragon armour |       |       |       |   223 ||   223
Dodge: Dodged            |    76 |   119 |   278 |   236 ||   709
